AoeStats
← Different

Arena

506660797Analyzed
1v1 RM · 18d ago on Sep 14, 2026· 32m 2s· 2 players
Game mode
Random Map
Map size
Tiny (2 player)
Population
200
Speed
Normal
Resources
Standard
Victory
Conquest
Starting age
Dark Age
Ending age
Imperial Age
RankedLock teamsTeams togetherTeam positionsShared explorationLock speedFull tech treeHidden civsTurbo modeCheats
Victory
Defeat
🇷🇺 Slavs · Russia
898
+17
🇹🇷 Britons · Türkiye
910
-17
Different
11:39 Feudal Age
10:19 Loom
12:32 Horse Collar
12:39 Double-Bit Axe
14:06 Loom
16:58 Castle Age
19:45 Wheelbarrow
19:28 Bow Saw
19:50 Town Watch
20:22 Heavy Plow
21:20 Wheelbarrow
20:43 Gold Mining
21:01 Squires
20:22 Man-at-Arms
21:08 Pikeman
23:13 Long Swordsman
24:18 Hand Cart
24:44 Scale Mail Armor
27:25 Forging
27:54 Stone Mining
31:33 Padded Archer Armor
KHRM
10:58 Feudal Age
11:21 Horse Collar
11:27 Double-Bit Axe
17:36 Castle Age
18:30 Heavy Plow
24:37 Bow Saw
28:26 Imperial Age
26:36 Ballistics
26:19 Crossbowman
26:59 Fletching
30:53 Light Cavalry
Connection lost

Rejoining the realm…

Still unreachable

The connection could not be restored.

Session expired

The server has moved on; the page needs a fresh start.